 Dungeon Crawl Stone Soup version 0.30.1-11-g7821555f0a (webtiles) character file.

Game seed: 7271573415468340369

15437 Destapler the Magus (level 12, 0/92 HPs)
             Began as a Demonspawn Wanderer on Dec 10, 2023.
             Was an Elder of Nemelex Xobeh.
             Slain by a skyshark (6 damage)
             ... on level 1 of the Lair of Beasts on Dec 11, 2023.
             The game lasted 01:15:47 (13726 turns).

Destapler the Magus (Demonspawn Wanderer)          Turns: 13726, Time: 01:15:47

Health: 0/92       AC:  9    Str: 15    XL:     12   Next: 1%
Magic:  20/20      EV: 20    Int: 14    God:    Nemelex Xobeh [****..]
Gold:   784        SH:  5    Dex: 15    Spells: 13/13 levels left

rFire   . . .        a - +2 short sword (elec)
rCold   . . .        (no shield)
rNeg    . . .        o - +0 acid dragon scales
rPois   .            C - +0 hat
rElec   .            (no cloak)
rCorr   +            (gloves unavailable)
SInv    .            R - +2 pair of boots
Will    .....        c - amulet of reflection
Stlth   +++          (no ring)
HPRegen 0.35/turn    (no ring)
MPRegen 0.17/turn

%: reflection
@: mighty, agile
A: ignite blood 3, powered by pain 2, weakness stinger 1, demonic touch 3
a: Renounce Religion, Draw Escape, Draw Destruction, Draw Summoning, Triple
Draw, Deal Four


You were on level 1 of the Lair of Beasts.
You worshipped Nemelex Xobeh.
Nemelex Xobeh was greatly pleased with you.
You visited 3 branches of the dungeon, and saw 13 of its levels.
You also visited: Ossuary.

You collected 808 gold pieces.
You spent 24 gold pieces at shops.

Inventory:

Hand Weapons
 a - a +2 short sword of electrocution (weapon)
 F - a +3 dagger
Missiles
 m - 25 poisoned darts
 n - a boomerang (quivered)
 u - 2 throwing nets
 y - 6 curare-tipped darts
Armour
 o - +0 acid dragon scales (worn)
 p - a +2 robe of willpower
 C - a +0 hat (worn)
 I - a +0 troll leather armour
 R - a +2 pair of boots (worn)
Jewellery
 c - an amulet of reflection (around neck)
Wands
 d - a wand of flame (17)
 v - a wand of iceblast (26)
 z - a wand of mindburst (8)
 G - a wand of digging (5)
 J - a wand of paralysis (3)
Scrolls
 f - 4 scrolls of identify
 g - a scroll of enchant armour
 i - 5 scrolls of teleportation
 k - a scroll of enchant weapon
 t - 2 scrolls of brand weapon {unknown}
 w - 3 scrolls of fog {unknown}
 A - 2 scrolls of fear {unknown}
 D - a scroll of blinking {unknown}
 K - a scroll of summoning {unknown}
 M - a scroll of amnesia
Potions
 b - a potion of flight {unknown}
 e - a potion of attraction
 h - a potion of mutation
 j - 2 potions of magic
 l - 3 potions of brilliance
 q - 5 potions of haste
 r - a potion of cancellation
 s - 2 potions of might
 x - 2 potions of heal wounds
 B - a potion of curing
 E - 2 potions of resistance
 H - 3 potions of ambrosia
 L - a potion of lignification {unknown}


   Skills:
 - Level 8.0 Fighting
 + Level 7.9 Short Blades
 - Level 1.0 Axes
 - Level 3.0 Throwing
 - Level 3.0 Armour
 + Level 7.9 Dodging
 - Level 5.0 Stealth
 - Level 2.2 Shields
 - Level 1.0 Spellcasting
 + Level 11.8 Invocations
 + Level 7.3 Evocations


You had 13 spell levels left.
You didn't know any spells.
Your spell library contained the following spells:

 Spells                   Type           Power      Damage    Failure   Level
 Apportation              Tloc           0%         N/A       34%         1
 Magic Dart               Conj           0%         1d3       34%         1
 Slow                     Hex            0%         N/A       34%         1
 Cigotuvi's Dreadful Rot  Necr/Pois/Air  0%         N/A       47%         2
 Poisonous Vapours        Pois/Air       0%         N/A       47%         2
 Searing Ray              Conj           0%         2d4       47%         2
 Call Canine Familiar     Summ           0%         N/A       71%         3
 Confusing Touch          Hex            0%         N/A       71%         3
 Ignite Poison            Fire/Tmut/Pois 0%         N/A       71%         3
 Mephitic Cloud           Conj/Pois/Air  0%         N/A       71%         3
 Portal Projectile        Hex/Tloc       0%         N/A       71%         3
 Stone Arrow              Conj/Erth      0%         3d7       71%         3
 Vampiric Draining        Necr           0%         2d6       71%         3
 Animate Armour           Summ/Erth      0%         N/A       98%         4
 Fulminant Prism          Conj/Hex       0%         3d5       98%         4
 Leda's Liquefaction      Hex/Erth       0%         N/A       98%         4
 Passage of Golubria      Tloc           0%         N/A       98%         4
 Alistair's Intoxication  Tmut/Pois      0%         N/A       100%        5
 Freezing Cloud           Conj/Ice/Air   0%         6-21      100%        5
 Silence                  Hex/Air        0%         N/A       100%        5
 Lehudib's Crystal Spear  Conj/Erth      0%         10d2      100%        8


Dungeon Overview and Level Annotations

Branches:
Dungeon (10/15)            Temple (1/1) D:4            Lair (2/5) D:8
 Spider (0/4) Lair:2      Ossuary (visited)
  Swamp: Lair:2-3    Shoals: Lair:2-3       Orc: D:9-12

Altars:
Ashenzari
Cheibriados
Dithmenos
Fedhas
Gozag
Hepliaklqana
Kikubaaqudgha
Makhleb
Nemelex Xobeh
Okawaru
Qazlal
Ru
Sif Muna
Trog
Uskayaw
Vehumet
Wu Jian
Xom
Yredelemnul
Lugonu

Shops:
D:7 ?

Portals:
Abyss: D:3

Annotations:
D:5 1 runed translucent door, zielscheibe's ghost, novice VSFi


Innate Abilities, Weirdness & Mutations

Your demonic aura causes all spilled blood to erupt in flames.
You sometimes gain power by taking damage.
You have a small tail.
Your touch may irresistibly damage your foes and sap their willpower.


Message History

You block the skyshark's attack. The skyshark tail-slaps you.
The skyshark misses you.
You hit the skyshark but do no damage. Lightning courses through the skyshark!
The skyshark is heavily wounded.
The skyshark is engulfed in blazing flames.
The skyshark closely misses you.
The skyshark tail-slaps you but does no damage.
You block the skyshark's attack.
You hit the skyshark but do no damage.
Your tail-slap misses the skyshark.
The skyshark is heavily wounded.
The skyshark is engulfed in blazing flames.
The skyshark barely misses you. The skyshark tail-slaps you.
The skyshark barely misses you.
You hit the skyshark but do no damage. Lightning courses through the skyshark!
Your tail-slap misses the skyshark.
The skyshark is heavily wounded.
The skyshark is engulfed in blazing flames.
The skyshark bites you! The skyshark tail-slaps you.
The skyshark closely misses you.
You hit the skyshark.
The skyshark is heavily wounded.
The skyshark is engulfed in blazing flames.
The skyshark bites you!!
* * * LOW HITPOINT WARNING * * *
You focus on the pain.
You feel agile all of a sudden. You block the skyshark's attack.
The skyshark misses you.
You barely miss the skyshark.
You touch the skyshark!
You sap its willpower!
The skyshark is severely wounded.
You hit the skyshark but do no damage.
You touch the skyshark!
You sap its willpower!
The skyshark is severely wounded.
The skyshark is engulfed in blazing flames.
The skyshark bites you!!
* * * LOW HITPOINT WARNING * * *
You focus on the pain.
You feel very mighty all of a sudden. The skyshark tail-slaps you.
You die...
Your body glows with a rainbow of weird colours and disappears.

........##.#####.....P...........
...8...#######.#.................
.................................
......#................####......
...##............................
#.#..............................
..##.....####.#P.................
...#....##.##.##l§...............
...+....##....##@§...............
........##.....#.☼...##.###+##...
...P..........##.....#...........
...#....##....##.....#...........
...#..........##.................
........##....##..........†......
...#....###.####.....P.......#...
........###..###.....P.......#...
..P...................##.P##.....


You could see a skyshark (berserk, weak-willed).

Vanquished Creatures
  A fire dragon (D:9)
  A centaur warrior (D:10)
  Sonja (Lair:1)
  An ugly thing (D:9)
  Joseph (D:7)
  A black mamba (Lair:1)
  Maggie (D:7)
  3 cane toads (Lair:1)
  2 komodo dragons
  A tengu conjurer (D:9)
  2 trolls
  A polar bear (Lair:1)
  2 hornets
  Prince Ribbit (D:7)
  A blink frog (Lair:1)
  A slime creature (D:10)
  3 culicivoras (Lair:2)
  A wraith (D:10)
  A wyvern (D:9)
  17 yaks
  4 basilisks
  2 vampires
  A steam dragon (D:9)
  4 vampire mosquitoes (D:10)
  2 acid dragons
  3 water moccasins (Lair:1)
  Duvessa (D:7)
  4 orc warriors
  2 ice beasts
  A sky beast (D:8)
  2 black bears
  An ogre (D:4)
  A phantom (D:6)
  2 centaurs
  2 kobold brigands
  8 bullfrogs
  2 scorpions
  Dowan (D:7)
  16 killer bees
  A vampire bat (D:5)
  A hound (D:5)
  2 jellies
  7 orc priests
  A sleepcap (D:6)
  5 iguanas
  9 orc wizards
  6 hell rats
  A mummy (Ossuary)
  4 adders
  4 gnolls
  2 shadow imps
  A white imp (D:7)
  A worm zombie (D:7)
  2 worms
  5 dart slugs
  26 orcs
  5 spectral bats (Ossuary)
  8 bats
  A bat skeleton (D:5)
  5 bat zombies (D:5)
  8 endoplasms
  6 giant cockroaches
  12 gnoll zombies (Ossuary)
  8 goblins
  6 hobgoblins
  3 jackals
  19 kobolds
  4 quokkas
  5 ball pythons
  7 bat simulacra (Ossuary)
  7 frilled lizards
  4 goblin simulacra (Ossuary)
  4 goblin zombies (Ossuary)
  5 hobgoblin zombies (Ossuary)
  A kobold simulacrum (Ossuary)
  6 kobold zombies
  4 orc zombies (Ossuary)
  7 rats
  A rat simulacrum (Ossuary)
  2 spectral goblins (Ossuary)
  4 spectral kobolds (Ossuary)
  4 spectral rats (Ossuary)
  2 butterflies (Lair:1)
328 creatures vanquished.

Vanquished Creatures (collateral kills)
  2 killer bees (D:8)
2 creatures vanquished.

Vanquished Creatures (others)
  An orc wizard (D:7)
  A lurking horror (D:3)
2 creatures vanquished.

Grand Total: 332 creatures vanquished

Notes
Turn   | Place    | Note
-------+----------+-------------------------------------------
     0 | D:1      | Destapler the Demonspawn Wanderer began the quest for the
                  | Orb.
     0 | D:1      | Destapler set off with the following items: a +2 dagger, 4
                  | curare-tipped darts, a +0 hand axe, a +0 buckler, a potion
                  | of attraction, a +0 robe.
     0 | D:1      | Reached XP level 1. HP: 18/18 MP: 1/1
   128 | D:1      | Discovered your monstrous ancestry.
   128 | D:1      | Gained mutation: Your touch may inflict minor irresistible
                  | damage on your foes. [demonic ancestry]
   128 | D:1      | Reached XP level 2. HP: 24/24 MP: 2/2
   581 | D:1      | Reached skill level 1 in Short Blades
   892 | D:1      | Gained mutation: You sometimes gain a little power by
                  | taking damage. [demonic ancestry]
   892 | D:1      | Reached XP level 3. HP: 29/29 MP: 3/3
  1924 | D:2      | Gained mutation: You have a small tail. [demonic ancestry]
  1924 | D:2      | Reached XP level 4. HP: 37/37 MP: 4/4
  1928 | D:2      | Reached skill level 1 in Armour
  2289 | D:3      | Found a corrupted altar of Lugonu.
  2296 | D:3      | Found a one-way gate to the infinite horrors of the Abyss.
  2597 | D:3      | Gained mutation: Your touch may inflict irresistible damage
                  | on your foes. [demonic ancestry]
  2597 | D:3      | Reached XP level 5. HP: 39/42 MP: 5/5
  2929 | D:4      | Reached skill level 1 in Spellcasting
  3109 | D:4      | Found a staircase to the Ecumenical Temple.
  3119 | Temple   | Entered the Ecumenical Temple
  3864 | Temple   | Became a worshipper of Nemelex Xobeh the Trickster
  3895 | D:4      | Noticed an ogre
  3922 | D:4      | Killed an ogre
  3923 | D:4      | Gained mutation: Your demonic aura sometimes causes spilled
                  | blood to erupt in flames. [demonic ancestry]
  3923 | D:4      | Reached XP level 6. HP: 48/49 MP: 7/7
  4467 | D:5      | Entered Level 5 of the Dungeon
  4654 | D:5      | Found a runed translucent door.
  4654 | D:5      | Noticed zielscheibe's ghost (novice VSFi)
  4902 | D:5      | Reached skill level 1 in Invocations
  4902 | D:5      | Reached XP level 7. HP: 55/55 MP: 8/8
  5256 | D:5      | Found an ancient bone altar of Kikubaaqudgha.
  5361 | D:6      | Reached skill level 5 in Fighting
  5450 | D:6      | Reached skill level 2 in Invocations
  5481 | D:6      | Reached * piety under Nemelex Xobeh
  5605 | D:6      | Reached skill level 3 in Invocations
  5915 | D:7      | Reached skill level 4 in Invocations
  5915 | D:7      | Gained mutation: Your touch may irresistibly damage your
                  | foes and sap their willpower. [demonic ancestry]
  5915 | D:7      | Reached XP level 8. HP: 62/62 MP: 9/11
  5936 | D:7      | Found a sand-covered staircase.
  5951 | Ossuary  | Entered an ossuary
  6282 | Ossuary  | Reached skill level 5 in Invocations
  6645 | D:7      | Identified the +1 flail "Luluedghe" {heavy, rF+ Int+3}
  6648 | D:7      | Noticed Prince Ribbit
  6658 | D:7      | Noticed Maggie
  6804 | D:7      | Killed Maggie
  6951 | D:7      | Found Xeang's Magic Scroll Shop.
  6954 | D:7      | Bought a scroll of identify for 24 gold pieces
  6990 | D:7      | Received a gift from Nemelex Xobeh
  7031 | D:7      | Noticed Dowan
  7037 | D:7      | Killed Dowan
  7037 | D:7      | Noticed Duvessa
  7042 | D:7      | Killed Duvessa
  7089 | D:7      | Reached skill level 6 in Invocations
  7089 | D:7      | Reached skill level 1 in Evocations
  7227 | D:7      | Identified the +5 robe of the Boiling Point {rPois Str+2
                  | SInv}
  7304 | D:7      | Killed Prince Ribbit
  7305 | D:7      | Gained mutation: Your demonic aura often causes spilled
                  | blood to erupt in flames. [demonic ancestry]
  7305 | D:7      | Reached XP level 9. HP: 62/69 MP: 13/13
  7401 | D:7      | Noticed Joseph
  7409 | D:7      | Killed Joseph
  7410 | D:7      | Reached skill level 5 in Short Blades
  7438 | D:7      | Reached skill level 7 in Invocations
  8193 | D:8      | Reached skill level 5 in Dodging
  8206 | D:8      | Reached ** piety under Nemelex Xobeh
  8254 | D:8      | Reached skill level 5 in Stealth
  8254 | D:8      | Reached skill level 8 in Invocations
  8724 | D:8      | Found a staircase to the Lair.
  8847 | D:9      | Received a gift from Nemelex Xobeh
  8964 | D:9      | Gained mutation: Your demonic aura causes all spilled blood
                  | to erupt in flames. [demonic ancestry]
  8964 | D:9      | Reached XP level 10. HP: 75/76 MP: 16/16
  9004 | D:9      | Noticed a brown ugly thing
  9004 | D:9      | Noticed a fire dragon
  9012 | D:9      | Killed a brown ugly thing
  9029 | D:9      | Killed a fire dragon
  9030 | D:9      | Reached skill level 9 in Invocations
 10033 | Lair:1   | Entered Level 1 of the Lair of Beasts
 10113 | Lair:1   | Reached skill level 5 in Evocations
 10187 | Lair:1   | Noticed a cane toad
 10362 | Lair:1   | Noticed a cane toad
 10369 | Lair:1   | Killed a cane toad
 10370 | Lair:1   | Reached skill level 10 in Invocations
 10370 | Lair:1   | Reached XP level 11. HP: 71/84 MP: 18/18
 10628 | Lair:1   | Reached *** piety under Nemelex Xobeh
 10652 | Lair:1   | Noticed Sonja
 10657 | Lair:1   | Killed Sonja
 11024 | Lair:1   | Received a gift from Nemelex Xobeh
 11426 | D:10     | Entered Level 10 of the Dungeon
 11815 | D:10     | Received a gift from Nemelex Xobeh
 11884 | D:10     | Reached skill level 11 in Invocations
 12380 | D:10     | Reached **** piety under Nemelex Xobeh
 12382 | D:10     | Noticed a centaur warrior
 12407 | D:10     | Killed a centaur warrior
 13142 | Lair:2   | Noticed a skyshark
 13368 | Lair:2   | Found a hole to the Spider Nest.
 13435 | Lair:2   | Gained mutation: You sometimes gain power by taking damage.
                  | [demonic ancestry]
 13435 | Lair:2   | Reached XP level 12. HP: 26/92 MP: 20/20
 13668 | Lair:2   | Received a gift from Nemelex Xobeh
 13726 | Lair:1   | Slain by a skyshark

Illustrated notes

Levels and vault maps discovered:
D:1:      heliophobic_arrival_battle_scene, layout_basic, serial_bayou,
          serial_bayou_shore_b, serial_bayou_lagoon_b, serial_bayou_pond_a,
          serial_bayou_ford_a, serial_bayou_pond_d, serial_bayou_shore_a,
          st_stairs_3, minmay_vboxes
D:2:      minmay_alternating_diamond, layout_basic, minmay_tromino_i2
D:3:      layout_rooms, dk_noncrumbling_4, minmay_misc_feat_room,
          amcnicky_altar_lugonu_corruption
D:4:      layout_loops_ring, minmay_temple_entry_ruins, lexackson_kobold_supper
D:5:      layout_loops_ring, kennysheep_vampire_church,
          hellmonk_ghost_happy_afterlife, grunt_ministairs_8
D:6:      layout_basic, reono_crystal_passage
D:7:      layout_loops_ring, serial_shops, nicolae_shop_rolled_up,
          enter_ossuary_3, grunt_ministairs_12, uniq_joseph, uniq_duvessa,
          uniq_maggie, uniq_prince_ribbit1
D:8:      layout_rooms, grunt_lair_entry_orc_guard_hut
D:9:      layout_loops_ring, wad_scary_box
D:10:     layout_irregular_city, lightli_fourway_metalbox
Temple:   nicolae_temple_the_god_donut
Lair:1:   layout_regular_city, hangedman_lair_unloving_vines,
          lemuel_fruit_fields, lemuel_fruit_fields, grunt_megastairs_3,
          uniq_sonja
Lair:2:   layout_regular_city, hellmonk_spider_entry_life_and_decay,
          worms_lemuel

Skill      XL: |  1  2  3  4  5  6  7  8  9 10 11 |
---------------+----------------------------------+-----
Shields        | 2 |  2.2
Throwing       | 2 3 |  3.0
Short Blades   | 1 2 3 4 5 6 7 |  7.9
Armour         | 1 2 3 |  3.0
Fighting       | 4 5 6 7 8 |  8.0
Spellcasting   | 1 |  1.0
Dodging        | 2 3 4 5 6 7 |  7.9
Invocations    | 1 4 6 8 10 11 | 11.8
Stealth        | 3 5 |  5.0
Evocations     | 1 3 5 7 |  7.3
Axes           | |  1.0

Action                     |  1- 3 |  4- 6 |  7- 9 | 10-12 || total
---------------------------+-------+-------+-------+-------++-------
  Melee: Dagger            |   107 |   112 |       |       ||   219
         Touch             |    19 |    23 |    65 |    79 ||   186
         Punch             |     1 |       |     7 |     6 ||    14
         Tailslap          |       |    27 |    43 |    63 ||   133
         Short sword       |       |    20 |   330 |   323 ||   673
  Throw: Dart              |     8 |    16 |    14 |     1 ||    39
         Boomerang         |       |     9 |     3 |     5 ||    17
         Throwing net      |       |       |     1 |       ||     1
 Invoke: Draw Escape       |       |       |     1 |       ||     1
         Draw Summoning    |       |       |     1 |       ||     1
         Draw Destruction  |       |       |       |     3 ||     3
  Evoke: Wand              |       |       |     5 |    13 ||    18
    Use: Scroll            |       |    12 |     6 |     4 ||    22
         Potion            |       |       |     2 |     3 ||     5
   Stab: Sleeping          |     9 |     3 |    10 |     4 ||    26
         Distracted        |       |       |       |     1 ||     1
 Armour: Robe              |    20 |     6 |       |       ||    26
         Leather armour    |       |    31 |    45 |       ||    76
         Acid dragon scale |       |       |    37 |    53 ||    90
  Dodge: Dodged            |    42 |    41 |   159 |   167 ||   409
  Block: Other             |       |    13 |    54 |    69 ||   136
         Reflection        |       |     3 |     1 |     4 ||     8
